 Dungeon Crawl Stone Soup version 0.25.0-1-g7eea58d2a3 (webtiles) character file.

Game seed: 17543491095859181539

15582 Froggeryz the Destroyer (level 12, -3/105 HPs)
             Began as a Naga Ice Elementalist on June 13, 2020.
             Was the Champion of Cheibriados.
             Slain by a sixfirhy (6 damage)
             ... summoned by a kobold demonologist
             ... on level 11 of the Dungeon.
             The game lasted 00:36:21 (13637 turns).

Froggeryz the Destroyer (Naga Ice Elementalist)    Turns: 13637, Time: 00:36:22

Health: -3/105     AC:  0    Str: 33      XL:     12   Next: 28%
Magic:  13/16      EV:  8    Int: 32      God:    Cheibriados [******]
Gold:   834        SH:  7    Dex: 28 (29) Spells: 1/17 levels left

rFire    . . .     SeeInvis +   u - staff of energy
rCold    . . .     Gourm    .   f - +0 buckler
rNeg     + . .     Faith    .   d - +0 steam dragon scales
rPois    +         Spirit   .   E - +2 helmet {SInv}
rElec    .         Reflect  .   (no cloak)
rCorr    .         Harm     .   l - +0 pair of gloves
MR       +....                  h - +0 naga barding
Stlth    +++.......             C - amulet of magic regeneration
HPRegen  0.27/turn              B - +6 ring of strength
MPRegen  0.40/turn              w - ring of positive energy

@: corroded, very slow
A: large, see invisible, deformed body, poison resistance, slowness 2, slow
metabolism 1, spit poison 1, AC +4
a: Spit Poison, Bend Time, Temporal Distortion, Slouch, Step From Time, Renounce
Religion


You were on level 11 of the Dungeon.
You worshipped Cheibriados.
Cheibriados was exalted by your worship.
You were very hungry.

You visited 2 branches of the dungeon, and saw 12 of its levels.
You also visited: Ossuary.

You collected 834 gold pieces.

Inventory:

Hand Weapons
 g - a +2 dagger of draining
 A - the +5 rapier of Qipigee {vorpal, *Rage rC++ MR++ Stlth+}
   (You took it off an orc on level 7 of the Dungeon)

   It inflicts extra damage upon your enemies.
   It greatly protects you from cold.
   It affects your resistance to hostile enchantments.
   It may make you go berserk in combat.
   It makes you more stealthy.
Missiles
 r - 2 curare-tipped darts (quivered)
Armour
 d - +0 steam dragon scales (worn)
 f - a +0 buckler (worn)
 h - a +0 naga barding (worn)
 l - a +0 pair of gloves (worn)
 E - a +2 helmet of see invisible (worn)
 F - a +1 robe of fire resistance
Magical Staves
 u - an uncursed staff of energy (weapon)
Jewellery
 w - a ring of positive energy (right hand)
 B - a +6 ring of strength (left hand)
 C - an amulet of magic regeneration (around neck)
Wands
 s - a wand of polymorph (5)
 t - a wand of acid (3)
Scrolls
 b - 3 scrolls of remove curse
 e - a scroll of identify
 m - a scroll of magic mapping {unknown}
 v - 3 scrolls of enchant weapon
 x - a scroll of random uselessness {unknown}
 y - 4 scrolls of teleportation
 I - a scroll of amnesia {unknown}
 J - a scroll of enchant armour {unknown}
Potions
 a - a potion of flight
 i - 7 potions of brilliance
 j - 8 potions of curing
 k - 3 potions of might
 n - a potion of cancellation
 o - 2 potions of mutation
 p - 3 potions of ambrosia
 D - a potion of lignification
Miscellaneous
 z - a phial of floods (inert)
Comestibles
 c - 19 rations


   Skills:
 - Level 6.1 Fighting
 - Level 5.5 Staves
 - Level 4.5 Armour
 - Level 1.5 Dodging
 - Level 3.0 Stealth
 - Level 5.0 Shields
 - Level 3.0 Spellcasting
 - Level 10.1 Conjurations
 * Level 4.0 Transmutations
 - Level 10.0 Ice Magic
 - Level 6.0 Evocations


You had one spell level left.
You knew the following spells:

 Your Spells              Type           Power        Failure   Level  Hunger
a - Freeze                Ice            ####         1%          1    None
b - Frozen Ramparts       Ice            ######       1%          3    None
c - Hailstorm             Conj/Ice       ######..     1%          4    None
d - Ensorcelled Hibernat  Hex/Ice        #####.       1%          2    None
e - Statue Form           Tmut/Erth      ###......    99%         6    None

Your spell library contained the following spells:

 Spells                   Type           Power        Failure   Level  Hunger
 Corona                   Hex            #......      6%          1    None
 Dazzling Flash           Conj/Hex       #####.       2%          3    None
 Ozocubu's Armour         Chrm/Ice       #####...     2%          3    None
 Summon Ice Beast         Ice/Summ       #####...     8%          4    None
 Irradiate                Conj/Tmut      ######....   10%         5    None
 Confusing Touch          Hex            #.......     19%         3    None
 Tukima's Dance           Hex            #.......     19%         3    None
 Hydra Form               Tmut           ####......   88%         6    None
 Dragon Form              Tmut           ####......   100%        7    None


Dungeon Overview and Level Annotations

Branches:
Dungeon (11/15)            Temple (1/1) D:5            Lair (0/6) D:11
Ossuary (visited)
    Orc: D:9-12

Altars:
Ashenzari
Cheibriados
Dithmenos
Elyvilon
Fedhas
Gozag
Hepliaklqana
Kikubaaqudgha
Makhleb
Nemelex Xobeh
Okawaru
Qazlal
Ru
Sif Muna
Trog
Uskayaw
Vehumet
Wu Jian
Xom
Yredelemnul
Zin
The Shining One
Beogh


Innate Abilities, Weirdness & Mutations

You cannot wear boots.
Your serpentine skin is tough. (AC +4)
You have supernaturally acute eyesight. (SInv)
Armour fits poorly on your strangely shaped body.
Your system is resistant to poisons. (rPois)
You cover ground very slowly.
You have a slow metabolism.
You can spit poison.


Message History

* * * LOW HITPOINT WARNING * * *
The sixfirhy shocks you!
* * * LOW HITPOINT WARNING * * *
The crimson imp shouts, "Embrace submission, thou vain pigeon-egg dewberry!"
The sixfirhy barely misses you.
The kobold demonologist looks braver for a moment.
Unknown command.
Unknown command.
Okay, then.
Unknown command.
Evoke which item? (* to show all) (? for menu, Esc to quit)
Aiming: Corrosive Bolt
Press: ? - help, Shift-Dir - straight line, f - kobold demonologist, p - sixfirhy
Aim: a kobold demonologist, wielding a +0 dagger and wearing a +0 robe (heavily wounded)
The bolt of acid misses the sixfirhy.
The bolt of acid hits the crimson imp!!
The crimson imp is splashed with acid.
The acid corrodes the crimson imp!
You kill the crimson imp!
The bolt of acid misses the kobold demonologist.
The sixfirhy hits you.
You die...

####.##...#.....#...##..# #
#.##...#.._..#...##..# #
#.##...#.....#...##..# #
#.##...#.....#...##..# #
#.##...###..##..(##..# #
#.##...# #..##...# .#
####.##...# #..##...##..#
..........###.......K.).###
................@3...5.)....
############################


You could see a kobold demonologist, a sixfirhy (summoned, corroded) and a white
imp (summoned).

Vanquished Creatures
  Snorg (D:10)
  2 centaur warriors (D:11)
  A two-headed ogre (D:10)
  An ogre mage (D:7)
  2 ugly things (D:11)
  A centaur zombie (D:10)
  Psyche (D:10)
  Joseph (D:10)
  2 orange demons (D:11)
  Maggie (D:10)
  2 kobold demonologists (D:11)
  A red devil (D:11)
  A troll (D:11)
  A hornet (D:11)
  2 hippogriffs
  A spriggan (D:8)
  Sigmund (D:2)
  A wraith (D:10)
  4 yaks (D:9)
  A hungry ghost (D:8)
  A steam dragon (D:10)
  A porcupine (D:11)
  6 orc warriors
  An ice beast (D:7)
  2 sky beasts (D:8)
  A black bear (D:11)
  14 centaurs
  3 ogres (D:7)
  3 big kobolds
  Blork the orc (D:5)
  An elf zombie (D:4)
  8 bullfrogs
  A wyvern zombie (D:10)
  2 water moccasin zombies (Ossuary)
  2 elf skeletons (D:4)
  5 scorpions
  6 killer bees (D:9)
  8 wights
  3 howler monkeys
  7 crimson imps
  3 bullfrog zombies
  A jelly (D:6)
  4 hounds
  8 orc priests
  A gnoll shaman (D:7)
  13 orc wizards
  A quasit (D:6)
  2 centaur skeletons
  An iron imp (D:11)
  4 iguanas
  13 worker ants
  3 big kobold zombies (Ossuary)
  A human simulacrum (D:10)
  2 mummies (Ossuary)
  A howler monkey zombie (D:5)
  2 worker ant zombies
  11 gnolls
  8 adders
  A shadow imp (D:9)
  An ooze (D:4)
  6 adder zombies (Ossuary)
  An adder skeleton (D:4)
  4 worms
  A dart slug (D:1)
  5 leopard geckos
  46 orcs
  5 giant cockroaches
  5 goblins
  3 hobgoblins
  5 jackals
  15 kobolds
  4 quokkas
  4 ball pythons
  7 bats
  6 gnoll zombies (Ossuary)
  7 hobgoblin zombies (Ossuary)
  4 kobold zombies (Ossuary)
  A leopard gecko skeleton (D:4)
  An orc skeleton (D:4)
  5 orc zombies
  A quokka skeleton (D:6)
  5 rats
326 creatures vanquished.

Vanquished Creatures (collateral kills)
  A hound (D:7)
1 creature vanquished.

Vanquished Creatures (others)
  A human simulacrum (D:10)
  3 orc zombies (Ossuary)
  4 fungi (D:11)
  2 plants (D:11)
10 creatures vanquished.

Grand Total: 337 creatures vanquished

Notes
Turn   | Place    | Note
-------+----------+-------------------------------------------
     0 | D:1      | Froggeryz the Naga Ice Elementalist began the quest for the
                  | Orb.
     0 | D:1      | Reached XP level 1. HP: 15/15 MP: 3/3
   315 | D:1      | Reached XP level 2. HP: 16/22 MP: 5/5
  1163 | D:2      | HP: 1/22 [worm (9)]
  1178 | D:2      | Reached XP level 3. HP: 3/28 MP: 6/6
  1459 | D:2      | Noticed Sigmund
  1466 | D:2      | Killed Sigmund
  1466 | D:2      | Reached skill level 1 in Shields
  1466 | D:2      | Reached XP level 4. HP: 25/36 MP: 4/7
  1466 | D:2      | Reached XP level 5. HP: 29/42 MP: 4/8
  1493 | D:2      | Found a hide-covered altar of Uskayaw.
  1715 | D:2      | Found a white marble altar of Elyvilon.
  2191 | D:3      | Reached XP level 6. HP: 19/49 MP: 6/9
  2553 | D:4      | Learned a level 3 spell: Frozen Ramparts
  2815 | D:4      | Reached XP level 7. HP: 25/55 MP: 4/10
  2963 | D:4      | Found a sand-covered staircase.
  2975 | Ossuary  | Entered an ossuary
  3812 | Ossuary  | Reached XP level 8. HP: 30/62 MP: 5/11
  4441 | D:4      | Found a bloodstained altar of Trog.
  4441 | D:4      | Found a basalt altar of Yredelemnul.
  4765 | D:5      | Entered Level 5 of the Dungeon
  4767 | D:5      | Found an iron altar of Okawaru.
  5164 | D:5      | Noticed Blork the orc
  5169 | D:5      | Killed Blork the orc
  5507 | D:5      | Found a staircase to the Ecumenical Temple.
  5516 | Temple   | Entered the Ecumenical Temple
  5730 | Temple   | Became a worshipper of Cheibriados the Contemplative
  6011 | D:6      | Reached skill level 5 in Shields
  6011 | D:6      | Reached skill level 10 in Ice Magic
  6011 | D:6      | Reached XP level 9. HP: 63/68 MP: 7/12
  6126 | D:6      | Reached skill level 1 in Fighting
  6126 | D:6      | Reached skill level 1 in Evocations
  6822 | D:7      | Reached * piety under Cheibriados
  7100 | D:7      | Found a transporter.
  7100 | D:7      | Found a transporter.
  7101 | D:7      | Identified the +5 rapier of Qipigee {vorpal, *Rage rC++
                  | MR++ Stlth+}
  7101 | D:7      | Noticed an ogre mage
  7102 | D:7      | Found a roughly hewn altar of Beogh.
  7172 | D:7      | Reached ** piety under Cheibriados
  7186 | D:7      | Killed an ogre mage
  7186 | D:7      | Reached skill level 5 in Fighting
  7186 | D:7      | Reached skill level 5 in Evocations
  7412 | D:7      | Reached XP level 10. HP: 17/90 MP: 9/14
  7717 | D:7      | Learned a level 4 spell: Hailstorm
  8105 | D:8      | Reached skill level 1 in Conjurations
  8157 | D:8      | Found a burning altar of Makhleb.
  8467 | D:8      | Reached *** piety under Cheibriados
  9208 | D:9      | Reached skill level 5 in Conjurations
  9222 | D:9      | Reached **** piety under Cheibriados
 10068 | D:10     | Entered Level 10 of the Dungeon
 10115 | D:10     | Reached XP level 11. HP: 69/97 MP: 15/15
 10523 | D:10     | Reached ***** piety under Cheibriados
 10893 | D:10     | Learned a level 2 spell: Ensorcelled Hibernation
 10941 | D:10     | Noticed Maggie
 10954 | D:10     | Killed Maggie
 11035 | D:10     | Noticed a two-headed ogre
 11042 | D:10     | Killed a two-headed ogre
 11065 | D:10     | Noticed Snorg
 11084 | D:10     | Killed Snorg
 11084 | D:10     | Reached skill level 10 in Conjurations
 11486 | D:10     | Noticed Joseph
 11496 | D:10     | Killed Joseph
 11496 | D:10     | Reached skill level 1 in Staves
 11496 | D:10     | Reached skill level 1 in Armour
 11766 | D:11     | Noticed a centaur warrior
 11771 | D:11     | Killed a centaur warrior
 11793 | D:11     | Found an ancient bone altar of Kikubaaqudgha.
 11814 | D:11     | Noticed Psyche
 11824 | D:10     | Killed Psyche
 12795 | D:11     | Noticed a white ugly thing
 12864 | D:11     | Noticed a centaur warrior
 12871 | D:11     | Killed a centaur warrior
 12871 | D:11     | Reached skill level 5 in Staves
 12871 | D:11     | Reached XP level 12. HP: 52/105 MP: 3/16
 13017 | D:11     | Learned a level 6 spell: Statue Form
 13128 | D:11     | Reached ****** piety under Cheibriados
 13128 | D:11     | Reached skill level 1 in Transmutations
 13174 | D:11     | Found a shimmering altar of Xom.
 13246 | D:11     | Found a staircase to the Lair.
 13636 | D:11     | HP: 3/105 [sixfirhy[a kobold demonologist] (12)]
 13637 | D:11     | Slain by a sixfirhy

Illustrated notes

Levels and vault maps discovered:
D:1:      nzn_arrival_settlement, layout_basic
D:2:      layout_basic, eat_drink_and_be_merry_uskayaw, elyvilon_altar_4,
          uniq_sigmund
D:3:      layout_rooms, first_ration
D:4:      layout_basic, gammafunk_temple_overflow_elements,
          nicolae_ossuary_entry_catacombs, cheibrodos_sewer_entry_drain
D:5:      layout_layer_cave, minmay_temple_entry_proselytizer,
          grunt_decor_fettered, hangedman_decor_slide_cut,
          okawaru_ov_weapons_minmay, uniq_blork_the_orc
D:6:      layout_gridville
D:7:      gammafunk_beogh_shrine, layout_basic
D:8:      layout_gridville, basic_altar, the_bakery
D:9:      layout_stronghold
D:10:     layout_basic, bh_circular_ruins, uniq_joseph, uniq_maggie, uniq_snorg
D:11:     layout_long_grid, grunt_lair_entry_orc_guard_hut, basic_altar,
          lemuel_hellish_altar, uniq_psyche
Temple:   dpeg_five_rooms_temple

Skill      XL: |  1  2  3  4  5  6  7  8  9 10 11 12 |
---------------+-------------------------------------+-----
Shields        | 1 2 3 5 |  5.0
Ice Magic      | 6 7 8 10 | 10.0
Fighting       | 5 6 |  6.1
Evocations     | 5 6 |  6.0
Conjurations   | 7 10 | 10.1
Spellcasting   | 3 |  3.0
Staves         | 5 |  5.5
Armour         | 4 |  4.5
Transmutations | 4 |  4.0
Dodging        | |  1.5
Stealth        | |  3.0

Action                   |  1- 3 |  4- 6 |  7- 9 | 10-12 || total
-------------------------+-------+-------+-------+-------++-------
Melee: Unarmed           |     6 |       |       |       ||     6
       Short sword       |    17 |       |       |       ||    17
       Dagger            |    11 |    62 |   432 |       ||   505
       Staff             |       |       |    81 |   263 ||   344
       Rapier            |       |       |       |    32 ||    32
 Cast: Freeze            |    11 |    40 |    54 |    89 ||   194
       Frozen Ramparts   |       |     5 |    34 |    46 ||    85
       Hailstorm         |       |       |       |    24 ||    24
       Ensorcelled Hiber |       |       |       |     2 ||     2
 Abil: Spit Poison       |     9 |    14 |    13 |    30 ||    66
Evoke: Wand              |       |       |     5 |    14 ||    19
       Phial of floods   |       |       |       |     2 ||     2
  Use: Scroll            |       |     2 |     6 |    10 ||    18
       Potion            |       |       |     4 |     2 ||     6
 Stab: Sleeping          |     7 |     3 |    10 |     3 ||    23
       Distracted        |       |       |     1 |     1 ||     2
  Eat: Chunk             |     1 |     6 |    13 |    11 ||    31
       Ration            |       |       |     1 |     1 ||     2
Armor: Robe              |     3 |    45 |   259 |   161 ||   468
       Steam dragon scal |       |       |       |    95 ||    95
       Ice dragon scales |       |       |       |    21 ||    21
Dodge: Dodged            |    19 |    45 |   188 |   187 ||   439
Block: Buckler           |       |    14 |   114 |   195 ||   323
